TOP OF THE 1ST |
Rocky Mountain Nuggets batting - Pitching for D.C. Divided : RHP Ji Jing
|
Pitching: RHP Ji Jing
|
|
Batting: LHB Roberto Salazar
|
0-0: Swinging Strike 0-1: Ball 1-1: Ball 2-1: Ground out 4-3 (Groundball, 6M)
|
Batting: RHB Andrés Rodríguez
|
0-0: Swinging Strike 0-1: Ball 1-1: Ball 2-1: Ball 3-1: Ground out 6-3 (Groundball, 6)
|
Batting: RHB Iván Vega
|
0-0: Called Strike 0-1: Ball 1-1: Ball 2-1: Ball 3-1: Base on Balls
|
Batting: LHB Javier Sánchez
|
0-0: Called Strike Iván Vega steals 2nd base 0-1: Foul Ball, location: 2F 0-2: Fly out, F7 (Flyball, 7LS)
|
Top of the 1st over - 0 run(s), 0 hit(s), 0 error(s), 1 left on base; Rocky Mountain 0 - D.C. 0 |
BOTTOM OF THE 1ST |
D.C. Divided batting - Pitching for Rocky Mountain Nuggets : RHP Juan Guillén
|
Pitching: RHP Juan Guillén
|
|
Batting: RHB Arturo Rodríguez
|
0-0: Called Strike 0-1: Fly out, F8 (Flyball, 89D)
|
Batting: RHB Tony Romero
|
0-0: Called Strike 0-1: Called Strike 0-2: Ground out 4-3 (Groundball, 4M)
|
Batting: RHB Wilbur Davis
|
0-0: Ball 1-0: Ball 2-0: DOUBLE (Flyball, 78D)
|
Batting: RHB Wilfred McLaughlin
|
0-0: Called Strike 0-1: Called Strike 0-2: Ball 1-2: Strikes out looking
|
Bottom of the 1st over - 0 run(s), 1 hit(s), 0 error(s), 1 left on base; Rocky Mountain 0 - D.C. 0 |
TOP OF THE 2ND |
Rocky Mountain Nuggets batting - Pitching for D.C. Divided : RHP Ji Jing
|
Batting: RHB Gary Chalmers
|
0-0: Foul Ball, location: 2F 0-1: Called Strike 0-2: Ball 1-2: Foul Ball, location: 2F 1-2: Ball 2-2: Foul Ball, location: 2F 2-2: Ball 3-2: Fly out, F7 (Flyball, 7LS)
|
Batting: LHB Chia-ch'ing Dodman
|
0-0: Foul Ball, location: 2F 0-1: Ball 1-1: Fly out, F9 (Flyball, 89S)
|
Batting: RHB Sergio Martínez
|
0-0: Ball 1-0: Ball 2-0: Swinging Strike 2-1: Ground out 4-3 (Groundball, 4)
|
Top of the 2nd over - 0 run(s), 0 hit(s), 0 error(s), 0 left on base; Rocky Mountain 0 - D.C. 0 |
BOTTOM OF THE 2ND |
D.C. Divided batting - Pitching for Rocky Mountain Nuggets : RHP Juan Guillén
|
Batting: LHB Neil Lawson
|
0-0: Ball 1-0: Ground out 4-3 (Groundball, 4)
|
Batting: LHB Mike Gardner
|
0-0: Called Strike 0-1: SINGLE (Groundball, 4MD)
|
Batting: RHB Mario Castillo
|
0-0: Swinging Strike 0-1: Ball 1-1: Foul Ball, location: 2F 1-2: Grounds into double play, 6-4-3 (Groundball, 6M)
|
Bottom of the 2nd over - 0 run(s), 1 hit(s), 0 error(s), 0 left on base; Rocky Mountain 0 - D.C. 0 |
TOP OF THE 3RD |
Rocky Mountain Nuggets batting - Pitching for D.C. Divided : RHP Ji Jing
|
Batting: RHB Luis Ríos
|
0-0: Called Strike 0-1: Ball 1-1: Foul Ball, location: 2F 1-2: Ball 2-2: Ball 3-2: DOUBLE (Line Drive, 9LM)
|
Batting: RHB Mark Melton
|
0-0: Called Strike 0-1: Ball 1-1: Ground out 6-3 (Groundball, 6)
|
Batting: LHB Roberto Salazar
|
0-0: Ball 1-0: Ball Luis Ríos is caught stealing 3rd base 2-0: Fly out, F8 (Line Drive, 8LM)
|
Top of the 3rd over - 0 run(s), 1 hit(s), 0 error(s), 0 left on base; Rocky Mountain 0 - D.C. 0 |
BOTTOM OF THE 3RD |
D.C. Divided batting - Pitching for Rocky Mountain Nuggets : RHP Juan Guillén
|
Batting: LHB Obidiah Lewis
|
0-0: Called Strike 0-1: SINGLE (Flyball, 9S)
|
Batting: RHB Julián Salcido
|
0-0: Ball 1-0: Ball 2-0: Foul Ball, location: 2F 2-1: Foul Ball, location: 2F 2-2: Ball 3-2: Strikes out looking
|
Batting: RHB Arturo Rodríguez
|
0-0: Ball 1-0: Called Strike 1-1: Swinging Strike 1-2: Strikes out swinging
|
Batting: RHB Tony Romero
|
0-0: Ball 1-0: SINGLE (Groundball, 4MD) Obidiah Lewis to second
|
Batting: RHB Wilbur Davis
|
0-0: Called Strike 0-1: Swinging Strike 0-2: Ball 1-2: Foul Ball, location: 2F 1-2: Ball 2-2: Ground out 1-3 (Groundball, 15S)
|
Bottom of the 3rd over - 0 run(s), 2 hit(s), 0 error(s), 2 left on base; Rocky Mountain 0 - D.C. 0 |
TOP OF THE 4TH |
Rocky Mountain Nuggets batting - Pitching for D.C. Divided : RHP Ji Jing
|
Batting: RHB Andrés Rodríguez
|
0-0: Ball 1-0: Fly out, F8 (Flyball, 8RM)
|
Batting: RHB Iván Vega
|
0-0: Ball 1-0: Swinging Strike 1-1: Swinging Strike 1-2: Strikes out swinging
|
Batting: LHB Javier Sánchez
|
0-0: Foul Ball, location: 2F 0-1: Called Strike 0-2: Ball 1-2: Ball 2-2: Fly out, F7 (Flyball, 78M)
|
Top of the 4th over - 0 run(s), 0 hit(s), 0 error(s), 0 left on base; Rocky Mountain 0 - D.C. 0 |
BOTTOM OF THE 4TH |
D.C. Divided batting - Pitching for Rocky Mountain Nuggets : RHP Juan Guillén
|
Batting: RHB Wilfred McLaughlin
|
0-0: Foul Ball, location: 2F 0-1: Foul Ball, location: 2F 0-2: Ball 1-2: Ball 2-2: Ball 3-2: Base on Balls
|
Batting: LHB Neil Lawson
|
0-0: Ball 1-0: Ball 2-0: Called Strike 2-1: Called Strike 2-2: DOUBLE (Line Drive, 9LS) Wilfred McLaughlin to third
|
Batting: LHB Mike Gardner
|
0-0: SINGLE (Groundball, 56S) (infield hit) Wilfred McLaughlin scores Neil Lawson to third
|
Batting: RHB Mario Castillo
|
0-0: Swinging Strike 0-1: Foul Ball, location: 2F 0-2: Ball 1-2: Strikes out swinging
|
Batting: LHB Obidiah Lewis
|
0-0: Called Strike 0-1: Ball 1-1: Fly out, F9 (Flyball, 9LM) Runner from 3rd tags up, OUT at HOME
|
Bottom of the 4th over - 1 run(s), 2 hit(s), 0 error(s), 1 left on base; Rocky Mountain 0 - D.C. 1 |
TOP OF THE 5TH |
Rocky Mountain Nuggets batting - Pitching for D.C. Divided : RHP Ji Jing
|
Batting: RHB Gary Chalmers
|
0-0: Called Strike 0-1: Swinging Strike 0-2: Strikes out swinging
|
Batting: LHB Chia-ch'ing Dodman
|
0-0: Ball 1-0: Ball 2-0: Ball 3-0: Base on Balls
|
Batting: RHB Sergio Martínez
|
0-0: Called Strike Chia-ch'ing Dodman steals 2nd base 0-1: Swinging Strike 0-2: Ball 1-2: Ball 2-2: Ground out 4-3 (Groundball, 4) Chia-ch'ing Dodman to third
|
Batting: RHB Luis Ríos
|
0-0: Ball 1-0: Ball 2-0: Called Strike 2-1: Foul Ball, location: 2F 2-2: Ground out 4-3 (Groundball, 4)
|
Top of the 5th over - 0 run(s), 0 hit(s), 0 error(s), 1 left on base; Rocky Mountain 0 - D.C. 1 |
BOTTOM OF THE 5TH |
D.C. Divided batting - Pitching for Rocky Mountain Nuggets : RHP Juan Guillén
|
Batting: RHB Julián Salcido
|
0-0: Called Strike 0-1: Ball 1-1: Ball 2-1: Fly out, F9 (Flyball, 9LM)
|
Batting: RHB Arturo Rodríguez
|
0-0: Ball 1-0: Called Strike 1-1: Ground out 4-3 (Groundball, 4)
|
Batting: RHB Tony Romero
|
0-0: Ball 1-0: Fly out, F5 (Line Drive, 5)
|
Bottom of the 5th over - 0 run(s), 0 hit(s), 0 error(s), 0 left on base; Rocky Mountain 0 - D.C. 1 |
TOP OF THE 6TH |
Rocky Mountain Nuggets batting - Pitching for D.C. Divided : RHP Ji Jing
|
Batting: RHB Mark Melton
|
0-0: Swinging Strike 0-1: Ball 1-1: Ground out 6-3 (Groundball, 6)
|
Batting: LHB Roberto Salazar
|
0-0: Swinging Strike 0-1: Ball 1-1: Ball 2-1: Foul Ball, location: 2F 2-2: Foul Ball, location: 2F 2-2: SINGLE (Groundball, 34D)
|
Batting: RHB Andrés Rodríguez
|
0-0: Ball Roberto Salazar steals 2nd base 1-0: Ball 2-0: Called Strike 2-1: Ground out 5-3 (Groundball, 56S) Roberto Salazar to third
|
Batting: RHB Iván Vega
|
0-0: Ball 1-0: Ball 2-0: Called Strike 2-1: Fly out, F9 (Flyball, 89S)
|
Top of the 6th over - 0 run(s), 1 hit(s), 0 error(s), 1 left on base; Rocky Mountain 0 - D.C. 1 |
BOTTOM OF THE 6TH |
D.C. Divided batting - Pitching for Rocky Mountain Nuggets : RHP Juan Guillén
|
Batting: RHB Wilbur Davis
|
0-0: Ball 1-0: Fly out, F7 (Flyball, 7S)
|
Batting: RHB Wilfred McLaughlin
|
0-0: Ball 1-0: Ball 2-0: Fly out, F8 (Flyball, 8LXD)
|
Batting: LHB Neil Lawson
|
0-0: Fly out, F4 (Line Drive, 4)
|
Bottom of the 6th over - 0 run(s), 0 hit(s), 0 error(s), 0 left on base; Rocky Mountain 0 - D.C. 1 |
TOP OF THE 7TH |
Rocky Mountain Nuggets batting - Pitching for D.C. Divided : RHP Ji Jing
|
Batting: LHB Javier Sánchez
|
0-0: Foul Ball, location: 2F 0-1: Foul Ball, location: 2F 0-2: Ball 1-2: Fly out, F8 (Flyball, 8RM)
|
Batting: RHB Gary Chalmers
|
0-0: Foul Ball, location: 2F 0-1: Foul Ball, location: 2F 0-2: Ball 1-2: Foul Ball, location: 2F 1-2: Fly out, F8 (Line Drive, 8LM)
|
Batting: LHB Chia-ch'ing Dodman
|
0-0: Ball 1-0: Swinging Strike 1-1: Ball 2-1: DOUBLE (Groundball, 3L)
|
Pitching: LHP José Sandoval
|
|
Batting: RHB Sergio Martínez
|
0-0: Ball 1-0: Ground out 5-3 (Groundball, 5)
|
Top of the 7th over - 0 run(s), 1 hit(s), 0 error(s), 1 left on base; Rocky Mountain 0 - D.C. 1 |
BOTTOM OF THE 7TH |
D.C. Divided batting - Pitching for Rocky Mountain Nuggets : RHP Juan Guillén
|
Batting: LHB Mike Gardner
|
0-0: Called Strike 0-1: Ground out 5-3 (Groundball, 56S)
|
Batting: RHB Mario Castillo
|
0-0: Ball 1-0: Ground out 5-3 (Groundball, 56S)
|
Batting: LHB Obidiah Lewis
|
0-0: Called Strike 0-1: Foul Ball, location: 2F 0-2: Ball 1-2: Fly out, F7 (Flyball, 78M)
|
Bottom of the 7th over - 0 run(s), 0 hit(s), 0 error(s), 0 left on base; Rocky Mountain 0 - D.C. 1 |
TOP OF THE 8TH |
Rocky Mountain Nuggets batting - Pitching for D.C. Divided : LHP José Sandoval
|
Pitching: RHP Ángel Ruíz
|
|
Batting: RHB Luis Ríos
|
0-0: Ball 1-0: Ball 2-0: Ball 3-0: Base on Balls
|
Batting: RHB Mark Melton
|
0-0: Ball 1-0: Ball 2-0: Sac Bunt - play at first, batter OUT! 5-4 Luis Ríos to second
|
Pitching: LHP Domingo Posadas
|
|
Batting: LHB Roberto Salazar
|
0-0: Called Strike 0-1: Ball 1-1: Called Strike 1-2: Ground out 4-3 (Groundball, 4) Luis Ríos to third
|
Batting: RHB Andrés Rodríguez
|
0-0: Swinging Strike 0-1: SINGLE (Line Drive, 89M) Luis Ríos scores
|
Batting: RHB Iván Vega
|
0-0: Called Strike 0-1: Ball 1-1: Called Strike 1-2: Ball 2-2: Fly out, F8 (Flyball, 78XD)
|
Top of the 8th over - 1 run(s), 1 hit(s), 0 error(s), 1 left on base; Rocky Mountain 1 - D.C. 1 |
BOTTOM OF THE 8TH |
D.C. Divided batting - Pitching for Rocky Mountain Nuggets : RHP Juan Guillén
|
Batting: RHB Julián Salcido
|
0-0: Ground out U3 (Groundball, 3)
|
Batting: RHB Arturo Rodríguez
|
0-0: Ball 1-0: Ground out 6-3 (Groundball, 6)
|
Pinch Hitting: LHB Michael Neely
|
0-0: Swinging Strike 0-1: Foul Ball, location: 2F 0-2: Foul Ball, location: 2F 0-2: Ball 1-2: Strikes out swinging, 2-3 out at first.
|
Bottom of the 8th over - 0 run(s), 0 hit(s), 0 error(s), 0 left on base; Rocky Mountain 1 - D.C. 1 |
TOP OF THE 9TH |
Rocky Mountain Nuggets batting - Pitching for D.C. Divided : LHP Domingo Posadas
|
Pitching: RHP Gabriel Hidalgo
|
|
Now at 2B: Sal Bradshaw
|
|
Batting: LHB Javier Sánchez
|
0-0: Called Strike 0-1: Swinging Strike 0-2: Ball 1-2: Ball 2-2: Ground out 4-3 (Groundball, 4)
|
Batting: RHB Gary Chalmers
|
0-0: SINGLE (Line Drive, 9S)
|
Pinch Runner at 1st Manuel Becerra:
|
|
Batting: LHB Chia-ch'ing Dodman
|
0-0: Called Strike 0-1: Ball 1-1: Ball 2-1: Fly out, F8 (Flyball, 78M)
|
Batting: RHB Sergio Martínez
|
0-0: Called Strike 0-1: Ball 1-1: Ball 2-1: Foul Ball, location: 2F 2-2: Ball 3-2: Base on Balls Manuel Becerra to second
|
Batting: RHB Luis Ríos
|
0-0: Called Strike 0-1: Ball 1-1: Called Strike 1-2: Foul Ball, location: 2F 1-2: Fielders Choice at 2nd, 6-4 (Groundball, 56)
|
Top of the 9th over - 0 run(s), 1 hit(s), 0 error(s), 1 left on base; Rocky Mountain 1 - D.C. 1 |
BOTTOM OF THE 9TH |
D.C. Divided batting - Pitching for Rocky Mountain Nuggets : RHP Juan Guillén
|
Now at C: José Carlos Pérez
|
|
Batting: RHB Wilbur Davis
|
0-0: DOUBLE (Line Drive, 7LM)
|
Batting: RHB Wilfred McLaughlin
|
0-0: Called Strike 0-1: Ball 1-1: Foul Ball, location: 2F Balk! Wilbur Davis to third 1-2: Strikes out swinging
|
Batting: LHB Neil Lawson
|
0-0: Intentional Walk
|
Batting: LHB Mike Gardner
|
0-0: Called Strike 0-1: Called Strike 0-2: Strikes out looking Neil Lawson steals 2nd base Batter strikes out.
|
Batting: RHB Mario Castillo
|
0-0: Called Strike 0-1: Ball 1-1: Ball 2-1: Ball 3-1: Base on Balls
|
Batting: LHB Obidiah Lewis
|
0-0: Ground out U3 (Groundball, 34)
|
Bottom of the 9th over - 0 run(s), 1 hit(s), 0 error(s), 3 left on base; Rocky Mountain 1 - D.C. 1 |
TOP OF THE 10TH |
Rocky Mountain Nuggets batting - Pitching for D.C. Divided : RHP Gabriel Hidalgo
|
Batting: RHB Mark Melton
|
0-0: Ball 1-0: Ground out 1-3 (Groundball, P)
|
Batting: LHB Roberto Salazar
|
0-0: Fly out, F8 (Flyball, 8LM)
|
Batting: RHB Andrés Rodríguez
|
0-0: Ball 1-0: Ball 2-0: Ball 3-0: Called Strike 3-1: Fly out, F8 (Line Drive, 8RXD)
|
Top of the 10th over - 0 run(s), 0 hit(s), 0 error(s), 0 left on base; Rocky Mountain 1 - D.C. 1 |
BOTTOM OF THE 10TH |
D.C. Divided batting - Pitching for Rocky Mountain Nuggets : RHP Juan Guillén
|
Batting: RHB Julián Salcido
|
0-0: Called Strike 0-1: Ball 1-1: Foul Ball, location: 2F 1-2: Strikes out looking
|
Pitching: RHP Jorge Garza
|
|
Batting: RHB Arturo Rodríguez
|
0-0: Called Strike 0-1: Called Strike 0-2: SINGLE (Groundball, 6) (infield hit)
|
Batting: LHB Sal Bradshaw
|
0-0: Ball 1-0: Foul Ball, location: 2F 1-1: Called Strike 1-2: Ball 2-2: Ball 3-2: Grounds into double play, 4-6-3 (Groundball, 4)
|
Bottom of the 10th over - 0 run(s), 1 hit(s), 0 error(s), 0 left on base; Rocky Mountain 1 - D.C. 1 |
TOP OF THE 11TH |
Rocky Mountain Nuggets batting - Pitching for D.C. Divided : RHP Gabriel Hidalgo
|
Pitching: RHP Jesús Prieto
|
|
Batting: RHB Iván Vega
|
0-0: Ball 1-0: Foul Ball, location: 2F 1-1: Ball 2-1: Ball 3-1: Base on Balls
|
Batting: LHB Javier Sánchez
|
0-0: Called Strike 0-1: Swinging Strike 0-2: Foul Ball, location: 2F 0-2: Ball 1-2: Foul Ball, location: 2F 1-2: Ball 2-2: Ball 3-2: Foul Ball, location: 2F 3-2: Base on Balls Iván Vega to second
|
Batting: RHB José Carlos Pérez
|
0-0: Ball Iván Vega steals 3rd base Javier Sánchez to second 1-0: Ground out 5-3 (Groundball, 56)
|
Batting: LHB Chia-ch'ing Dodman
|
0-0: Intentional Walk
|
Batting: RHB Sergio Martínez
|
0-0: Grounds into fielders choice 4-2 (Groundball, 4) Javier Sánchez to third Chia-ch'ing Dodman to second
|
Batting: RHB Luis Ríos
|
0-0: Ball 1-0: Called Strike 1-1: Ball 2-1: Called Strike 2-2: Strikes out swinging
|
Top of the 11th over - 0 run(s), 0 hit(s), 0 error(s), 3 left on base; Rocky Mountain 1 - D.C. 1 |
BOTTOM OF THE 11TH |
D.C. Divided batting - Pitching for Rocky Mountain Nuggets : RHP Jorge Garza
|
Batting: RHB Wilbur Davis
|
0-0: Called Strike 0-1: Ball 1-1: Called Strike 1-2: Foul Ball, location: 2F 1-2: Strikes out swinging
|
Batting: RHB Wilfred McLaughlin
|
0-0: Ball 1-0: Fly out, F3 (Flyball, 3DF)
|
Batting: LHB Neil Lawson
|
0-0: Foul Ball, location: 2F 0-1: DOUBLE (Flyball, 7LD)
|
Batting: LHB Mike Gardner
|
0-0: Called Strike 0-1: Called Strike 0-2: Strikes out swinging
|
Bottom of the 11th over - 0 run(s), 1 hit(s), 0 error(s), 1 left on base; Rocky Mountain 1 - D.C. 1 |
TOP OF THE 12TH |
Rocky Mountain Nuggets batting - Pitching for D.C. Divided : RHP Jesús Prieto
|
Batting: RHB Mark Melton
|
0-0: Ball 1-0: Ball 2-0: Ball 3-0: Base on Balls
|
Batting: LHB Roberto Salazar
|
0-0: Ball 1-0: Sac Bunt - play at first, batter OUT! 2-4 Mark Melton to second
|
Batting: RHB Andrés Rodríguez
|
0-0: Swinging Strike 0-1: Foul Ball, location: 2F 0-2: Ground out 4-3 (Groundball, 4M) Mark Melton to third
|
Batting: RHB Iván Vega
|
0-0: Called Strike 0-1: Ball 1-1: Called Strike 1-2: Foul Ball, location: 2F 1-2: Ball 2-2: Foul Ball, location: 2F 2-2: Ball 3-2: Base on Balls
|
Batting: LHB Javier Sánchez
|
0-0: Ball 1-0: Foul Ball, location: 2F 1-1: Ball 2-1: Fly out, F9 (Flyball, 9D)
|
Top of the 12th over - 0 run(s), 0 hit(s), 0 error(s), 2 left on base; Rocky Mountain 1 - D.C. 1 |
BOTTOM OF THE 12TH |
D.C. Divided batting - Pitching for Rocky Mountain Nuggets : RHP Jorge Garza
|
Batting: RHB Mario Castillo
|
0-0: Called Strike 0-1: Foul Ball, location: 2F 0-2: Strikes out swinging
|
Pitching: RHP Carlos Trevino
|
|
Batting: LHB Obidiah Lewis
|
0-0: Called Strike 0-1: Foul Ball, location: 2F 0-2: Ball 1-2: Foul Ball, location: 2F 1-2: Foul Ball, location: 2F 1-2: Strikes out looking
|
Batting: RHB Julián Salcido
|
0-0: SINGLE (Groundball, 4MD)
|
Batting: RHB Arturo Rodríguez
|
0-0: Ball 1-0: Foul Ball, location: 2F 1-1: Called Strike 1-2: Ball 2-2: Foul Ball, location: 2F 2-2: Ball Julián Salcido is caught stealing 2nd base
|
Bottom of the 12th over - 0 run(s), 1 hit(s), 0 error(s), 0 left on base; Rocky Mountain 1 - D.C. 1 |
TOP OF THE 13TH |
Rocky Mountain Nuggets batting - Pitching for D.C. Divided : RHP Jesús Prieto
|
Batting: RHB José Carlos Pérez
|
0-0: Ball 1-0: Ball 2-0: Called Strike 2-1: Ball 3-1: Ground out 5-3 (Groundball, 56S)
|
Batting: LHB Chia-ch'ing Dodman
|
0-0: SINGLE (Groundball, 4MD)
|
Batting: RHB Sergio Martínez
|
0-0: Ball 1-0: Ball 2-0: Swinging Strike 2-1: Foul Ball, location: 2F 2-2: Ball 3-2: Base on Balls Chia-ch'ing Dodman to second
|
Pitching: RHP Mark Sanders
|
|
Batting: RHB Luis Ríos
|
0-0: Called Strike 0-1: Foul Ball, location: 2F 0-2: Ball 1-2: Strikes out swinging
|
Batting: RHB Mark Melton
|
0-0: Foul Ball, location: 2F 0-1: Called Strike 0-2: Ball 1-2: Ball 2-2: Foul Ball, location: 2F 2-2: Ball 3-2: Foul Ball, location: 2F 3-2: Ground out 6-3 (Groundball, 6)
|
Top of the 13th over - 0 run(s), 1 hit(s), 0 error(s), 2 left on base; Rocky Mountain 1 - D.C. 1 |
BOTTOM OF THE 13TH |
D.C. Divided batting - Pitching for Rocky Mountain Nuggets : RHP Carlos Trevino
|
Batting: RHB Arturo Rodríguez
|
0-0: Ball 1-0: Ground out 1-3 (Groundball, 13S)
|
Batting: LHB Sal Bradshaw
|
0-0: Fly out, F9 (Flyball, 9S)
|
Batting: RHB Wilbur Davis
|
0-0: Foul Ball, location: 2F 0-1: Foul Ball, location: 2F 0-2: Foul Ball, location: 2F 0-2: Foul Ball, location: 2F 0-2: Ball 1-2: Ball 2-2: Ball 3-2: Foul Ball, location: 2F 3-2: Foul Ball, location: 2F 3-2: Fly out, F7 (Flyball, 78D)
|
Bottom of the 13th over - 0 run(s), 0 hit(s), 0 error(s), 0 left on base; Rocky Mountain 1 - D.C. 1 |
TOP OF THE 14TH |
Rocky Mountain Nuggets batting - Pitching for D.C. Divided : RHP Mark Sanders
|
Batting: LHB Roberto Salazar
|
0-0: Ball 1-0: Called Strike 1-1: Foul Ball, location: 2F 1-2: Strikes out swinging
|
Batting: RHB Andrés Rodríguez
|
0-0: Ball 1-0: Called Strike 1-1: Ground out 6-3 (Groundball, 6)
|
Batting: RHB Iván Vega
|
0-0: Called Strike 0-1: Foul Ball, location: 2F 0-2: TRIPLE (Flyball, 8LD)
|
Batting: LHB Javier Sánchez
|
0-0: Ball 1-0: Ball 2-0: Called Strike 2-1: Foul Ball, location: 2F 2-2: Strikes out looking
|
Top of the 14th over - 0 run(s), 1 hit(s), 0 error(s), 1 left on base; Rocky Mountain 1 - D.C. 1 |
BOTTOM OF THE 14TH |
D.C. Divided batting - Pitching for Rocky Mountain Nuggets : RHP Carlos Trevino
|
Batting: RHB Wilfred McLaughlin
|
0-0: Ball 1-0: Called Strike 1-1: Called Strike 1-2: Ball 2-2: SINGLE (Line Drive, 8RS)
|
Batting: LHB Neil Lawson
|
0-0: Fly out, F8 (Flyball, 89D)
|
Batting: LHB Mike Gardner
|
0-0: Called Strike 0-1: Foul Ball, location: 2F 0-2: Strikes out swinging
|
Batting: RHB Mario Castillo
|
0-0: Foul Ball, location: 2F 0-1: Ball 1-1: Ball 2-1: Called Strike 2-2: Fly out, F1 (Line Drive, 15)
|
Bottom of the 14th over - 0 run(s), 1 hit(s), 0 error(s), 1 left on base; Rocky Mountain 1 - D.C. 1 |
TOP OF THE 15TH |
Rocky Mountain Nuggets batting - Pitching for D.C. Divided : RHP Mark Sanders
|
Batting: RHB José Carlos Pérez
|
0-0: Called Strike 0-1: Fly out, F8 (Flyball, 78M)
|
Batting: LHB Chia-ch'ing Dodman
|
0-0: Ball 1-0: Ball 2-0: Foul Ball, location: 2F 2-1: Ball 3-1: Base on Balls
|
Batting: RHB Sergio Martínez
|
Balk! Chia-ch'ing Dodman to second 0-0: Called Strike 0-1: Foul Ball, location: 2F 0-2: Fly out, F8 (Line Drive, 8LS)
|
Batting: RHB Luis Ríos
|
0-0: Called Strike 0-1: Ball 1-1: Ball 2-1: Called Strike 2-2: Ball 3-2: Foul Ball, location: 2F 3-2: Ground out 5-3 (Groundball, 56S)
|
Top of the 15th over - 0 run(s), 0 hit(s), 0 error(s), 1 left on base; Rocky Mountain 1 - D.C. 1 |
BOTTOM OF THE 15TH |
D.C. Divided batting - Pitching for Rocky Mountain Nuggets : RHP Carlos Trevino
|
Batting: LHB Obidiah Lewis
|
0-0: Ground out 3-1 (Groundball, 34S)
|
Batting: RHB Julián Salcido
|
0-0: Ball 1-0: Swinging Strike 1-1: Ball 2-1: Called Strike 2-2: Strikes out looking
|
Batting: RHB Arturo Rodríguez
|
0-0: Called Strike 0-1: Ball 1-1: Fly out, F5 (Line Drive, 5)
|
Bottom of the 15th over - 0 run(s), 0 hit(s), 0 error(s), 0 left on base; Rocky Mountain 1 - D.C. 1 |
TOP OF THE 16TH |
Rocky Mountain Nuggets batting - Pitching for D.C. Divided : RHP Mark Sanders
|
Batting: RHB Mark Melton
|
0-0: Called Strike 0-1: Fly out, F5 (Line Drive, 56S)
|
Batting: LHB Roberto Salazar
|
0-0: Ball 1-0: Swinging Strike 1-1: Ball 2-1: SINGLE (Flyball, 78S)
|
Batting: RHB Andrés Rodríguez
|
0-0: Called Strike 0-1: Ball 1-1: Ball 2-1: Ball Roberto Salazar steals 2nd base 3-1: SINGLE (Line Drive, 6) Roberto Salazar to third
|
Batting: RHB Iván Vega
|
0-0: Called Strike 0-1: SINGLE (Line Drive, 8LS) Roberto Salazar scores Andrés Rodríguez to second
|
Pitching: LHP Melvin Morgan
|
|
Batting: LHB Javier Sánchez
|
0-0: Ball 1-0: Ball 2-0: Fly out, F9 (Flyball, 9) Runner from 2nd tags up, SAFE at 3rd with throw
|
Batting: RHB José Carlos Pérez
|
0-0: Called Strike 0-1: Called Strike 0-2: Strikes out swinging
|
Top of the 16th over - 1 run(s), 3 hit(s), 0 error(s), 2 left on base; Rocky Mountain 2 - D.C. 1 |
BOTTOM OF THE 16TH |
D.C. Divided batting - Pitching for Rocky Mountain Nuggets : RHP Carlos Trevino
|
Batting: LHB Sal Bradshaw
|
0-0: Ball 1-0: Ball 2-0: Foul Ball, location: 2F 2-1: Ball 3-1: Foul Ball, location: 2F 3-2: Base on Balls
|
Batting: RHB Wilbur Davis
|
0-0: Ball 1-0: Ball 2-0: Ball 3-0: Called Strike 3-1: Foul Ball, location: 2F 3-2: Base on Balls Sal Bradshaw to second
|
Pitching: RHP Hunter Wilson
|
|
Batting: RHB Wilfred McLaughlin
|
0-0: Called Strike 0-1: Ball 1-1: Ball 2-1: Foul Ball, location: 2F 2-2: Ball 3-2: Strikes out swinging
|
Batting: LHB Neil Lawson
|
0-0: Ball 1-0: Ball 2-0: Ball 3-0: Called Strike 3-1: Foul Ball, location: 2F 3-2: DOUBLE (Line Drive, 89M) Sal Bradshaw scores Wilbur Davis to third
|
Batting: LHB Mike Gardner
|
0-0: Intentional Walk
|
Batting: RHB Mario Castillo
|
0-0: Called Strike 0-1: Foul Ball, location: 2F 0-2: Ball 1-2: SINGLE (Groundball, 34D) Wilbur Davis scores
|
Wednesday, July 26th, 2017 - OOTP Baseball 17.12 Build 75
|
|